 Dungeon Crawl Stone Soup version 0.22.1-2-g9c5b331383 (webtiles) character file.

572880 Gargoyl the Agent of Entropy (level 26, -4/208 HPs)
             Began as a Centaur Abyssal Knight on Dec 27, 2018.
             Was a Priest of Lugonu.
             Slain by a caustic shrike (20 damage)
             ... on level 3 of the Depths on Jan 2, 2019.
             The game lasted 03:24:26 (93357 turns).

Gargoyl the Agent of Entropy (CeAK)                Turns: 93357, Time: 03:24:27

Health: -4/208     AC: 38    Str: 39    XL:     26   Next: 18%
Magic:  33/33      EV: 17    Int: 11    God:    Lugonu [***...]
Gold:   5863       SH: 29    Dex: 19    Spells: 25/25 levels left

rFire    + . .     SeeInvis .   f - +9 hand axe (elec)
rCold    + . .     Gourm    .   V - +0 large shield of Loss {rElec rF+}
rNeg     + + .     Faith    .   N - +1 chain mail of Zusiok {rN+ Dex+3}
rPois    .         Spirit   .   J - +2 helmet
rElec    +         Reflect  +   T - +0 cloak "Deammeum" {rF- Str+7 Dex+2}
rCorr    .         Harm     .   B - +2 pair of gloves {Str+3}
MR       +....     Rnd*Tele +   F - +4 centaur barding {rC+}
Stlth    ..........             D - +4 amulet of reflection
HPRegen  0.00/turn              r - ring of positive energy
MPRegen  0.23/turn              L - +5 ring of strength

@: about to teleport, very quick
A: large, hooves 3, icy blue scales 1, slimy green scales 1, agile 1, deformed
body, fire resistance 1, speed 2, frail 1, low mp 1, inhibited regeneration,
teleportitis 2, tough skin 3, evolution 1
}: 2/15 runes: serpentine, barnacled
a: Depart the Abyss, Bend Space, Banish, Renounce Religion


You were on level 3 of the Depths.
You worshipped Lugonu.
Lugonu was most pleased with you.
You were not hungry.

You visited 10 branches of the dungeon, and saw 46 of its levels.
You visited the Abyss 16 times.
You visited 1 bazaar.
You also visited: Ossuary, Ice Cave and Volcano.

You collected 8153 gold pieces.
You spent 2290 gold pieces at shops.

Inventory:

Hand Weapons
 f - a +9 hand axe of electrocution (weapon)
 l - a +6 war axe of holy wrath
 C - a +3 broad axe
 W - a +3 war axe of flaming
Missiles
 O - 5 javelins (quivered)
Armour
 B - a +2 pair of gloves of strength (worn)
 F - a +4 centaur barding of cold resistance (worn)
 J - a +2 helmet (worn)
 K - a +2 plate armour of fire resistance
 N - the +1 chain mail of Zusiok (worn) {rN+ Dex+3}
   (You found it on level 3 of the Elven Halls)

   It affects your dexterity (+3).
   It protects you from negative energy.
 T - the +0 cloak "Deammeum" (worn) {rF- Str+7 Dex+2}
   (You found it on level 3 of the Elven Halls)

   It affects your strength (+7).
   It affects your dexterity (+2).
   It makes you vulnerable to fire.
 V - the +0 large shield of Loss (worn) {rElec rF+}
   (You found it on level 6 of the Lair of Beasts)

   It protects you from fire.
   It insulates you from electricity.
 Y - the +1 cloak of Lesser Demons {rPois}
   (You acquired it on level 11 of the Dungeon)

   It protects you from poison.
Jewellery
 p - an uncursed ring of resist corrosion
 r - a ring of positive energy (left hand)
 s - an uncursed ring of see invisible
 t - an uncursed amulet of regeneration
 v - an uncursed ring of protection from fire
 D - a +4 amulet of reflection (around neck)
 G - an uncursed ring of wizardry
 L - a +5 ring of strength (right hand)
 R - an uncursed ring of protection from magic
 Z - a +3 ring of evasion
Wands
 E - a wand of digging (36)
 M - a wand of clouds (12)
 Q - a wand of scattershot (7)
Scrolls
 a - 6 scrolls of fear
 b - 5 scrolls of blinking
 g - 13 scrolls of teleportation
 i - 4 scrolls of identify
 m - 31 scrolls of remove curse
 n - 4 scrolls of silence
 q - 8 scrolls of fog
 u - 4 scrolls of magic mapping
 x - 2 scrolls of enchant armour
 y - a scroll of summoning
 S - 3 scrolls of holy word
Potions
 d - 2 potions of invisibility
 e - 10 potions of flight
 h - 10 potions of haste
 j - 2 potions of ambrosia
 k - 3 potions of heal wounds
 o - 6 potions of berserk rage
 w - 16 potions of curing
 z - 9 potions of might
 H - a potion of resistance
 I - a potion of agility
 P - 3 potions of magic
 X - a potion of cancellation
Miscellaneous
 A - 2 phantom mirrors
 U - 2 boxes of beasts
Comestibles
 c - 33 rations


   Skills:
 + Level 18.0 Fighting
 + Level 19.4 Axes
 + Level 0.5 Throwing
 * Level 16.3 Armour
 * Level 15.2 Dodging
 + Level 16.4 Shields
 * Level 20.4 Invocations
 + Level 0.8 Evocations


You had 25 spell levels left.
You didn't know any spells.
Your spell library contained the following spells:

 Spells                   Type           Power        Failure   Level  Hunger
 Animate Skeleton         Necr           N/A          63%         1    ##.....
 Apportation              Tloc           #.....       63%         1    ##.....
 Beastly Appendage        Tmut           #.....       63%         1    ##.....
 Confusing Touch          Hex            #.....       63%         1    ##.....
 Flame Tongue             Conj/Fire      #....        63%         1    ##.....
 Pain                     Necr           #...         63%         1    ##.....
 Summon Butterflies       Summ           #.......     63%         1    ##.....
 Summon Small Mammal      Summ           #...         63%         1    ##.....
 Call Imp                 Summ           #.......     77%         2    ###....
 Ensorcelled Hibernation  Hex/Ice        #.....       77%         2    ###....
 Passwall                 Tmut/Erth      #.......     77%         2    ###....
 Poisonous Vapours        Pois/Air       #.....       77%         2    ###....
 Sticks to Snakes         Tmut           #.......     77%         2    ###....
 Sublimation of Blood     Necr           #.........   77%         2    ###....
 Swiftness                Chrm/Air       #.......     77%         2    ###....
 Throw Flame              Conj/Fire      #.....       77%         2    ###....
 Call Canine Familiar     Summ           #.......     94%         3    ####...
 Conjure Flame            Conj/Fire      #.......     94%         3    ####...
 Ignite Poison            Fire/Tmut/Pois #.......     94%         3    ####...
 Inner Flame              Hex/Fire       #.......     94%         3    ####...
 Mephitic Cloud           Conj/Pois/Air  #.......     94%         3    ####...
 Recall                   Summ/Tloc      N/A          94%         3    ####...
 Regeneration             Chrm/Necr      #.........   94%         3    ####...
 Spider Form              Tmut/Pois      #.........   94%         3    ####...
 Summon Guardian Golem    Hex/Summ       #.......     94%         3    ####...
 Vampiric Draining        Necr           #.........   94%         3    ####...
 Animate Dead             Necr           N/A          100%        4    #####..
 Cause Fear               Hex            #.........   100%        4    #####..
 Ice Form                 Ice/Tmut       #.......     100%        4    #####..
 Passage of Golubria      Tloc           N/A          100%        4    #####..
 Petrify                  Tmut/Erth      #.......     100%        4    #####..
 Sticky Flame             Conj/Fire      #.......     100%        4    #####..
 Summon Ice Beast         Ice/Summ       #.......     100%        4    #####..
 Summon Lightning Spire   Summ/Air       #.......     100%        4    #####..
 Agony                    Necr           #.......     100%        5    ######.
 Alistair's Intoxication  Tmut/Pois      #.......     100%        5    ######.
 Aura of Abjuration       Summ           #.........   100%        5    ######.
 Blade Hands              Tmut           #.........   100%        5    ######.
 Bolt of Magma            Conj/Fire/Erth #.........   100%        5    ######.
 Borgnjor's Vile Clutch   Necr/Erth      #.........   100%        5    ######.
 Fireball                 Conj/Fire      #.........   100%        5    ######.
 Irradiate                Conj/Tmut      #.........   100%        5    ######.
 Iskenderun's Battlesphe  Conj/Chrm      #.......     100%        5    ######.
 Lee's Rapid Deconstruct  Erth           #.........   100%        5    ######.
 Metabolic Englaciation   Hex/Ice        #.........   100%        5    ######.
 Silence                  Hex/Air        #.........   100%        5    ######.
 Summon Demon             Summ           #.........   100%        5    ######.
 Summon Forest            Summ/Tloc      #.........   100%        5    ######.
 Summon Mana Viper        Hex/Summ       #.......     100%        5    ######.
 Venom Bolt               Conj/Pois      #.........   100%        5    ######.
 Bolt of Cold             Conj/Ice       #.........   100%        6    #######
 Bolt of Fire             Conj/Fire      #.........   100%        6    #######
 Conjure Ball Lightning   Conj/Air       #.........   100%        6    #######
 Darkness                 Hex            #.........   100%        6    #######
 Deflect Missiles         Chrm/Air       #.........   100%        6    #######
 Freezing Cloud           Conj/Ice/Air   #.........   100%        6    #######
 Hydra Form               Tmut           #.........   100%        6    #######
 Invisibility             Hex            #.......     100%        6    #######
 Iron Shot                Conj/Erth      #.........   100%        6    #######
 Ozocubu's Refrigeration  Ice            #.........   100%        6    #######
 Shadow Creatures         Summ           N/A          100%        6    #######
 Simulacrum               Ice/Necr       #.........   100%        6    #######
 Statue Form              Tmut/Erth      #........    100%        6    #######
 Dragon Form              Tmut           #.........   100%        7    #######
 Orb of Destruction       Conj           #.........   100%        7    #######
 Ring of Flames           Chrm/Fire      #.........   100%        7    #######
 Spellforged Servitor     Conj/Summ      #.........   100%        7    #######
 Summon Hydra             Summ           #.........   100%        7    #######
 Ignition                 Fire           #.........   100%        8    #######
 Infestation              Necr           #.........   100%        8    #######
 Dragon's Call            Summ           #.........   100%        9    #######
 Tornado                  Air            #.........   100%        9    #######


Dungeon Overview and Level Annotations

Branches:
Dungeon (15/15)            Temple (0/1) D:5            Lair (6/6) D:9
 Shoals (4/4) Lair:4        Snake (4/4) Lair:2        Slime (1/5) Lair:5
    Orc (2/2) D:12            Elf (3/3) Orc:2        Vaults (5/5) D:13
  Crypt (3/3) Vaults:2       Tomb (0/3) Crypt:3      Depths (3/5) D:15

Altars:
Ashenzari
Fedhas
Gozag
Kikubaaqudgha
Xom
Yredelemnul
Beogh

Shops:
D:5 ?   D:6 [   D:8 *   D:11 =   D:13 ?   Orc:2 *[=(   Elf:3 (   Shoals:4 ?

Portals:
Hell: Depths:1 Depths:2 Depths:3
Abyss: Depths:1
Pandemonium: Depths:2
Ziggurat: Depths:2

Annotations:
D:3 1 runed door
Lair:3 3 runed doors, kmx's ghost, journeyman BaIE
Vaults:5 corrupted, Xtahua


Innate Abilities, Weirdness & Mutations

You have hooves in place of feet.
Armour fits poorly on your strangely shaped body.
You cover ground very quickly.
You have extremely tough skin. (AC +3)
You are partially covered in icy blue scales. (AC +2)
You are partially covered in slimy green scales. (AC +2)
You are agile. (Dex +2)
Your flesh is heat resistant. (rF+)
You are frail. (-10% HP)
Your magical capacity is low. (-10% MP)
You do not regenerate when monsters are visible.
You are sometimes teleported next to monsters.
You evolve.


Message History

The caustic shrike claws you!
* * * LOW HITPOINT WARNING * * *
You are splashed with acid!
The acid burns!
* * * LOW HITPOINT WARNING * * *
The caustic shrike claws you but does no damage.
You can move again.
Unknown command.
Unknown command.
As you read the scroll of teleportation, it crumbles to dust.
You feel strangely unstable.
The deep elf high priest shouts!
You block the caustic shrike's attack.
The caustic shrike claws you but does no damage.
You block the caustic shrike's attack. You block the rakshasa's attack.
The caustic shrike claws you!!
* * * LOW HITPOINT WARNING * * *
You are splashed with acid!
The acid burns!
* * * LOW HITPOINT WARNING * * *
The caustic shrike barely misses you. The caustic shrike claws you!!
You die...

#...##...+ ###../..## .##8#..(.+
##....<## .#..(....# ##.....##
....#''######### ##.....##
..###..........### ##..[..## ###
#....##....#.### +###.....#
#...''..#8.#..''...## ++..##....#
.§§..#........#bbc..# #....##....
§≈§..#######''#b@R##.##.....#....
§§§## #..e###G..#.#'....##.'# ..#
.''..... #..#..'..≈§.##(. .#
...''.....# #.[..##..≈.#...
...##....''###)...#....##.)
#########''..#.Xh###.§§.'..
##...hb.###...###e..#..≈.'.≈
#p...XbD.##J...'....#....#.≈
....i(H..J'b.D.'....#.(..#.≈


You could see a tentacled monstrosity, 3 caustic shrikes, a rakshasa, a deep elf
high priest, a yaktaur, a black bear and a floating eye.

Vanquished Creatures
  Mara (Vaults:2)
  Boris (Crypt:3)
  A profane servitor (Crypt:3)
  5 bone dragons
  Rupert (Orc:1)
  5 liches
  2 tentacled monstrosities
  A shard shrike skeleton (Crypt:1)
  A deep elf master archer (Elf:3)
  Asterion (Elf:1)
  A deep elf blademaster (Elf:3)
  A kraken (Shoals:3)
  2 sphinxes
  6 ancient champions
  3 Executioners
  28 tentacled starspawn
  Kirke (Lair:5)
  Polyphemus (Shoals:3)
  A shadow dragon (Vaults:4)
  11 nagarajas
  A storm dragon (Vaults:4)
  3 revenants
  2 daevas
  A tengu reaver (Depths:2)
  Ilsuiw (Shoals:4)
  8 frost giants
  A deep elf sorcerer (Vaults:2)
  2 fire giants
  A ghost moth (Abyss:2)
  12 vault wardens
  An orc warlord (Orc:1)
  A deep elf elementalist (Elf:2)
  An angel (Depths:2)
  2 cacodemons (Abyss:1)
  2 curse skulls
  5 ghouls
  A spriggan defender (Depths:2)
  A draconian stormcaller (Abyss:1)
  16 stone giants
  10 very ugly things
  15 ironheart preservers
  An entropy weaver (Vaults:4)
  5 vampire knights
  Nessos (Lair:5)
  7 deep elf demonologists
  The ghost of Cykl0x the Cleaver, a journeyman GrFi of Okawaru (D:14)
  3 lorocyprocas
  7 deep elf annihilators
  A red draconian (Abyss:1)
  A dire elephant (shapeshifter) (Abyss:1)
  10 spark wasps
  2 yellow draconians
  The ghost of bananovenc the Cleaver, a journeyman GrFi of Okawaru (D:15)
  5 merfolk javelineers
  A crystal guardian (Vaults:4)
  15 deep elf death magi
  2 eidola
  6 merfolk impalers
  3 blizzard demons
  18 jiangshi
  2 green deaths
  7 fire dragons
  11 ogre magi
  3 ettins
  7 yaktaur captains
  6 great orbs of eyes
  5 hydras
  4 deep elf high priests
  13 rakshasas
  Erolcha (Orc:1)
  8 ice dragons
  32 vault guards
  A catoblepas (Shoals:3)
  9 naga warriors
  4 merfolk avatars
  A spriggan air mage (Depths:2)
  The ghost of Gunterle the Nimble, a journeyman SpEn of Elyvilon (D:12)
  9 centaur warriors
  38 two-headed ogres
  A satyr (Shoals:3)
  8 death knights
  3 alligators (Snake:1)
  7 anacondas
  30 dancing weapons
  A merfolk aquamancer (Shoals:4)
  6 vampire magi
  3 alligator snapping turtles
  The ghost of Ihlosi the Slicer, a journeyman KoGl of Kikubaaqudgha (D:10)
  6 deep troll earth magi
  3 death yaks (Shoals:3)
  11 hell hogs
  6 deep troll shamans
  3 tengu warriors
  9 shock serpents
  Urug (Lair:5)
  22 thrashing horrors
  16 naga sharpshooters
  11 hell knights
  5 orc high priests (Orc:2)
  2 soul eaters
  A titan zombie (Crypt:1)
  2 sun demons (Abyss:2)
  24 deep elf knights
  35 skeletal warriors
  8 shadow wraiths
  21 wretched stars
  An iron troll (Depths:2)
  8 sixfirhies
  4 glowing orange brains
  A spectral anaconda (Crypt:3)
  6 unseen horrors
  25 deep trolls
  A swamp dragon (Snake:1)
  2 unseen horrors (shapeshifter)
  9 flayed ghosts
  An anaconda zombie (Crypt:3)
  5 spatial maelstroms
  8 phantasmal warriors
  7 deep elf archers
  11 ironbrand convokers
  14 sea snakes
  5 naga ritualists
  A shadow demon (Abyss:1)
  16 orc knights
  5 wizards
  A tengu zombie (Depths:2)
  A spectral wolf spider (Crypt:3)
  A mana viper (shapeshifter) (Abyss:1)
  A fire giant zombie (Crypt:1)
  A stone giant zombie (Abyss:1)
  12 salamanders
  47 ugly things
  65 deep elf magi
  9 mana vipers
  9 necromancers
  21 fauns
  8 orc sorcerers
  5 wolf spiders
  14 manticores
  11 cyclopes
  An elephant (shapeshifter) (Vaults:1)
  A frost giant skeleton (Vaults:2)
  3 shining eyes
  6 worldbinders
  A shock serpent zombie (Crypt:2)
  A fire giant skeleton (Depths:1)
  4 elephants (Lair:4)
  14 merfolk sirens
  20 smoke demons
  A stone giant skeleton (Depths:1)
  30 black mambas
  17 naga magi
  An eye of devastation (Abyss:1)
  3 gargoyles
  3 guardian serpents (Snake:4)
  A black mamba (shapeshifter) (Elf:3)
  An orange demon (Abyss:2)
  A spriggan zombie (Depths:2)
  An ice statue (IceCv)
  9 vault sentinels
  9 spiny frogs
  7 water nymphs
  3 centaur skeletons
  3 hellions
  5 apocalypse crabs
  A grey draconian zombie (Crypt:2)
  8 komodo dragons
  2 rime drakes
  A purple draconian zombie (Crypt:1)
  32 yaktaurs
  A tormentor (Abyss:2)
  8 efreet
  4 kobold demonologists
  3 human skeletons
  9 hellwings
  An ice devil (Abyss:2)
  28 freezing wraiths
  5 tengu conjurers
  21 ancient zymes
  5 polar bears
  A jumping spider (shapeshifter) (D:15)
  A wind drake (shapeshifter) (Vaults:2)
  A catoblepas skeleton (Crypt:1)
  A meliai (shapeshifter) (Vaults:2)
  12 hornets
  7 trolls
  A red devil (Abyss:1)
  40 merfolk
  2 shadow dragon simulacra
  45 raiju
  3 tengu simulacra
  5 wind drakes
  A moth of wrath zombie (Crypt:1)
  A fire dragon zombie (Crypt:2)
  A blink frog (shapeshifter) (Vaults:2)
  11 snapping turtles
  29 blink frogs
  An ettin zombie (Abyss:1)
  12 hippogriffs
  A dream sheep (shapeshifter) (Abyss:2)
  A dream sheep (Lair:6)
  16 slime creatures
  2 fire dragon skeletons (Crypt:1)
  A frost giant simulacrum (Depths:2)
  65 flying skulls
  2 air elementals (Elf:2)
  7 shadows
  16 spriggans
  45 yaks
  13 ynoxinuls
  A yak (shapeshifter) (Abyss:5)
  A vampire (D:11)
  65 starcursed masses
  2 ettin skeletons
  8 water elementals
  3 basilisks
  A human (D:13)
  9 wraiths
  12 wyverns
  3 hogs (Lair:5)
  2 fire bats (Volcano)
  3 fire elementals
  13 golden eyes
  3 hungry ghosts
  12 vampire mosquitoes
  11 neqoxecs
  61 small abominations
  8 spatial vortices
  Edmund (D:5)
  15 chaos spawn
  12 insubstantial wisps
  A two-headed ogre zombie (Crypt:1)
  3 wargs
  47 large abominations
  2 swamp worms (Snake:1)
  61 nagas
  15 water moccasins
  Duvessa (D:7)
  9 porcupines
  3 hell hounds
  A floating eye (shapeshifter) (D:15)
  11 ice beasts
  51 orc warriors
  2 swamp drakes (Snake:1)
  3 black bears
  6 necrophages
  3 eyes of draining
  8 sky beasts
  An alligator simulacrum (Crypt:1)
  5 phantoms
  21 wolves
  22 boggarts
  An elf skeleton (Vaults:2)
  37 ogres
  14 centaurs
  20 crocodiles
  A draconian zombie (Crypt:2)
  The ghost of spacerossing the Slasher, an amateur TeGl (D:3)
  3 big kobolds
  15 bullfrogs
  5 earth elementals
  A bullfrog (shapeshifter) (Vaults:4)
  A salamander skeleton (Crypt:2)
  A wyvern zombie (D:12)
  Dowan (D:7)
  2 wyvern skeletons
  A water moccasin skeleton (D:4)
  A troll zombie (Crypt:1)
  6 scorpions
  An elephant simulacrum (IceCv)
  2 swamp dragon simulacra
  12 killer bees
  A polar bear skeleton (Crypt:1)
  22 wights
  3 howler monkeys
  6 electric eels
  2 bullfrog zombies
  7 crimson imps
  6 centaur zombies
  6 quasits
  An elf simulacrum (Abyss:1)
  2 hounds
  3 draconian simulacra (IceCv)
  A human zombie (Ossuary)
  6 jellies
  24 orc priests
  44 orc wizards
  4 iron imps
  6 iguanas
  4 spriggan simulacra
  13 worker ants
  A polar bear simulacrum (IceCv)
  5 troll simulacra (IceCv)
  A deep dwarf zombie (Crypt:1)
  A wolf simulacrum (IceCv)
  A centaur simulacrum (IceCv)
  A big kobold zombie (Ossuary)
  A hound skeleton (D:10)
  2 mummies (Ossuary)
  A howler monkey skeleton (Crypt:2)
  2 worker ant zombies
  7 gnolls
  22 adders
  3 naga simulacra (IceCv)
  5 ogre simulacra (IceCv)
  2 river rats (D:3)
  3 shadow imps
  17 white imps
  4 ufetubi
  2 oozes (Lair:5)
  2 adder zombies
  An adder skeleton (D:9)
  2 worms
  A dart slug (D:1)
  11 leopard geckos
  98 orcs
  6 giant cockroaches
  11 goblins
  7 hobgoblins
  11 jackals
  21 kobolds
  5 quokkas
  3 ball pythons
  16 bats
  7 frilled lizards
  A frilled lizard skeleton (Crypt:2)
  8 hobgoblin zombies (Ossuary)
  2 jackal zombies (Ossuary)
  10 kobold zombies (Ossuary)
  10 orc zombies (Ossuary)
  4 rats (D:1)
  2 rat zombies (Ossuary)
  3 fungi
  A lurking horror (Abyss:1)
  14 plants
  28 starspawn tentacles
  3 tentacles
2792 creatures vanquished.

Vanquished Creatures (collateral kills)
  A rakshasa (Depths:3)
  A deep troll shaman (Depths:3)
  A deep troll (Depths:3)
  An iron troll (Depths:3)
4 creatures vanquished.

Vanquished Creatures (others)
  Vashnia (Snake:3)
  A deep elf blademaster (Elf:2)
  A deep elf master archer (Elf:3)
  2 stone giants
  A deep elf demonologist (Elf:3)
  A merfolk javelineer (Shoals:4)
  2 yaktaur captains
  3 hydras
  A death knight (Crypt:3)
  4 centaur warriors
  An ogre mage (Vaults:3)
  3 naga sharpshooters
  A flayed ghost (Crypt:3)
  3 deep elf archers
  A wolf spider (Lair:2)
  A cyclops (Vaults:2)
  A merfolk siren (Shoals:3)
  A black mamba (Lair:2)
  8 yaktaurs
  A raiju (Abyss:5)
  A naga (Snake:4)
  8 centaurs
  An orc (Orc:2)
  8 bushes
  6 demonic plants (Abyss:4)
  8 fungi
  5 lurking horrors
  36 plants
  59 starspawn tentacles
  10 tentacles
180 creatures vanquished.

Grand Total: 2976 creatures vanquished

Notes
Turn   | Place    | Note
-------+----------+-------------------------------------------
     0 | Abyss:1  | Gargoyl the Centaur Abyssal Knight began the quest for the
                  | Orb.
     0 | Abyss:1  | Reached XP level 1. HP: 19/19 MP: 2/2
    38 | Abyss:2  | Got a transparent war axe
    39 | Abyss:2  | Identified the +9 war axe "Cutoh" {speed, rF++} (You found
                  | it on level 2 of the Abyss)
    73 | Abyss:2  | Found a corrupted altar of Lugonu.
   104 | Abyss:2  | Noticed a starcursed mass
   105 | D:1      | Escaped the Abyss
   269 | D:1      | Reached XP level 2. HP: 26/26 MP: 3/3
   539 | D:1      | Reached * piety under Lugonu
   557 | D:1      | Reached XP level 3. HP: 28/33 MP: 4/4
  1289 | D:2      | Reached XP level 4. HP: 40/40 MP: 5/5
  1372 | D:2      | Reached ** piety under Lugonu
  1744 | D:3      | Found a runed door.
  1748 | D:3      | Noticed a bullfrog
  1749 | D:3      | Noticed spacerossing's ghost (amateur TeGl)
  1829 | D:3      | Killed spacerossing's ghost
  1829 | D:3      | Reached XP level 5. HP: 40/46 MP: 5/7
  1832 | D:3      | Reached skill level 1 in Dodging
  1832 | D:3      | Reached XP level 6. HP: 46/52 MP: 5/8
  1849 | D:3      | Found a runed door.
  2944 | D:4      | Reached skill level 3 in Invocations
  2965 | D:4      | Reached *** piety under Lugonu
  3131 | D:5      | Entered Level 5 of the Dungeon
  3571 | D:4      | Reached XP level 7. HP: 46/60 MP: 9/9
  3690 | D:4      | Reached skill level 5 in Axes
  4537 | D:5      | Found a staircase to the Ecumenical Temple.
  4823 | D:4      | Reached skill level 4 in Invocations
  5057 | D:5      | Reached XP level 8. HP: 67/67 MP: 11/11
  5328 | D:5      | Reached skill level 5 in Fighting
  5448 | D:5      | Found Tyzod's Magic Scroll Boutique.
  5479 | D:5      | Bought a scroll of blinking for 112 gold pieces
  5479 | D:5      | Bought a scroll of teleportation for 45 gold pieces
  5517 | D:5      | Noticed Edmund
  5531 | D:5      | Killed Edmund
  6321 | D:6      | Reached skill level 5 in Invocations
  6730 | D:6      | Found a shattered altar of Ashenzari.
  6768 | D:6      | Reached XP level 9. HP: 73/74 MP: 12/12
  6830 | D:6      | Reached **** piety under Lugonu
  7154 | D:6      | Found Ajaat's Antique Armour Shoppe.
  7157 | D:6      | Bought a shield for 94 gold pieces
  8085 | D:7      | Noticed Dowan
  8086 | D:7      | Noticed Duvessa
  8101 | D:7      | Killed Duvessa
  8114 | D:7      | Killed Dowan
  8704 | D:8      | Reached skill level 5 in Armour
  8777 | D:8      | Reached skill level 6 in Invocations
  8906 | D:8      | Found a sand-covered staircase.
  8910 | Ossuary  | Entered an ossuary
  8960 | Ossuary  | Reached ***** piety under Lugonu
  9553 | D:8      | Found Wiasybit's Assorted Antiques.
  9560 | D:8      | Bought a pair of runed gloves for 157 gold pieces
  9882 | D:9      | Reached XP level 10. HP: 75/83 MP: 14/14
 10156 | D:9      | Reached skill level 1 in Shields
 10257 | D:9      | Found a staircase to the Lair.
 10757 | Lair:1   | Entered Level 1 of the Lair of Beasts
 11019 | Lair:1   | Noticed a spiny frog
 11029 | Lair:1   | Killed a spiny frog
 11029 | Lair:1   | Reached skill level 10 in Axes
 11029 | Lair:1   | Reached skill level 7 in Invocations
 11088 | Lair:1   | Noticed a seven-headed hydra
 11090 | Lair:1   | Banished a seven-headed hydra
 11298 | Lair:1   | Reached XP level 11. HP: 71/91 MP: 16/16
 11485 | Lair:1   | Found a dark tunnel.
 11493 | Volcano  | Entered a volcano
 11528 | Volcano  | Noticed a two-headed ogre
 11546 | Volcano  | Killed a two-headed ogre
 11833 | Volcano  | Reached skill level 8 in Invocations
 11948 | Volcano  | Noticed a fire dragon
 11951 | Volcano  | Noticed a two-headed ogre
 11962 | Volcano  | Killed a fire dragon
 11970 | Volcano  | Killed a two-headed ogre
 11972 | Volcano  | Reached ****** piety under Lugonu
 12260 | Lair:2   | Noticed a four-headed hydra
 12262 | Lair:2   | Banished a four-headed hydra
 12359 | Lair:2   | Found a staircase to the Snake Pit.
 12545 | Lair:2   | Identified a scroll of acquirement
 12774 | Lair:2   | Noticed a wolf spider
 12787 | Lair:2   | Reached XP level 12. HP: 54/101 MP: 18/18
 12983 | Lair:2   | Reached skill level 9 in Invocations
 13890 | Lair:3   | Noticed an ice dragon
 13890 | Lair:3   | Noticed kmx's ghost (journeyman BaIE)
 13923 | Lair:3   | Found a runed gate.
 13923 | Lair:3   | Found a runed gate.
 13923 | Lair:3   | Found a runed gate.
 15073 | Lair:4   | Noticed a five-headed hydra
 15074 | Lair:4   | Banished a five-headed hydra
 15296 | Lair:4   | Found a staircase to the Shoals.
 15313 | Lair:4   | Reached skill level 10 in Invocations
 15646 | Lair:5   | Reached XP level 13. HP: 106/111 MP: 20/20
 15690 | Lair:5   | Found a staircase to the Slime Pits.
 15694 | Lair:5   | Noticed Urug
 15811 | Lair:5   | Killed Urug
 16128 | Lair:5   | Noticed Kirke
 16139 | Lair:5   | Killed Kirke
 16790 | D:8      | Bought a clouded pewter ring for 105 gold pieces
 16790 | D:8      | Bought a runed helmet for 157 gold pieces
 16790 | D:8      | Bought a scroll of holy word for 157 gold pieces
 16790 | D:8      | Bought a potion of heal wounds for 105 gold pieces
 16794 | D:8      | Identified the ring of Tafoonn {Wiz Int+4} (You bought it
                  | in a shop on level 8 of the Dungeon)
 17017 | Lair:6   | Entered Level 6 of the Lair of Beasts
 17037 | Lair:6   | Noticed Nessos
 17375 | Lair:5   | Killed Nessos
 17410 | Lair:6   | Found a frozen archway.
 17421 | IceCv    | Entered an ice cave
 17778 | IceCv    | Found an ancient bone altar of Kikubaaqudgha.
 18034 | IceCv    | Got a pair of twisted gloves
 18045 | IceCv    | Identified the cursed +0 pair of gloves of the Game Afoot
                  | {Dex+3} (You found it in an ice cave)
 18892 | Lair:6   | Got a spiked large shield
 18903 | Lair:6   | Identified the cursed +0 large shield of Loss {rElec rF+}
                  | (You found it on level 6 of the Lair of Beasts)
 18940 | Lair:6   | Reached skill level 11 in Invocations
 19158 | Lair:5   | Reached skill level 10 in Fighting
 19264 | Lair:6   | Reached XP level 14. HP: 121/121 MP: 22/22
 20503 | D:10     | Entered Level 10 of the Dungeon
 20755 | D:10     | Found a runed gate.
 20755 | D:10     | Found an opulent altar of Gozag.
 20764 | D:10     | Found a runed gate.
 20765 | D:10     | Found a runed gate.
 20767 | D:10     | Noticed Ihlosi's ghost (journeyman KoGl)
 20856 | D:10     | Killed Ihlosi's ghost
 20856 | D:10     | Reached skill level 10 in Armour
 22162 | D:11     | Got a brightly glowing cloak
 22173 | D:11     | Identified the +1 cloak of Lesser Demons {rPois} (You
                  | acquired it on level 11 of the Dungeon)
 22208 | D:11     | Found Xilonue's Jewellery Emporium.
 22221 | D:11     | Bought a +3 ring of evasion for 273 gold pieces
 22810 | D:12     | Found a staircase to the Orcish Mines.
 22855 | D:12     | Found a roughly hewn altar of Beogh.
 23197 | D:12     | Found a runed gate.
 23197 | D:12     | Found a runed gate.
 23197 | D:12     | Found a runed gate.
 23198 | D:12     | Noticed Gunterle's ghost (journeyman SpEn)
 23214 | D:12     | Killed Gunterle's ghost
 23305 | D:12     | Found a roughly hewn altar of Beogh.
 23930 | D:13     | Found Unomniogg's Magic Scroll Shop.
 24310 | D:13     | Reached skill level 12 in Invocations
 24423 | D:13     | Found a gate to the Vaults.
 24553 | D:14     | Reached XP level 15. HP: 114/128 MP: 24/24
 24718 | D:14     | Reached skill level 5 in Shields
 24931 | D:14     | Found a runed gate.
 24931 | D:14     | Found a runed gate.
 24931 | D:14     | Found a runed gate.
 24944 | D:14     | Noticed Cykl0x's ghost (journeyman GrFi)
 25109 | D:14     | Found a blossoming altar of Fedhas.
 25534 | D:14     | Killed Cykl0x's ghost
 25657 | D:15     | Entered Level 15 of the Dungeon
 25713 | D:15     | Reached skill level 5 in Dodging
 26005 | D:11     | Bought a +4 amulet of reflection for 351 gold pieces
 26834 | D:15     | Found a staircase to the Depths.
 26864 | D:15     | Found a runed gate.
 26864 | D:15     | Found a runed gate.
 26869 | D:15     | Noticed bananovenc's ghost (journeyman GrFi)
 26876 | D:15     | Found a runed gate.
 27479 | D:15     | Killed bananovenc's ghost
 27507 | D:15     | Reached skill level 15 in Axes
 28170 | Orc:1    | Entered Level 1 of the Orcish Mines
 28305 | Orc:1    | Noticed Erolcha
 28314 | Orc:1    | Killed Erolcha
 28717 | Orc:2    | Entered Level 2 of the Orcish Mines
 28728 | Orc:2    | Found a staircase to the Elven Halls.
 28768 | Orc:2    | Noticed Rupert
 28868 | Orc:1    | Killed Rupert
 29223 | Orc:2    | Found a roughly hewn altar of Beogh.
 29307 | Orc:2    | Found a roughly hewn altar of Beogh.
 29864 | Orc:2    | Reached XP level 16. HP: 126/138 MP: 25/25
 30052 | Orc:1    | Reached skill level 13 in Invocations
 30840 | Orc:2    | Found Biecs's Antique Armour Emporium.
 30841 | Orc:2    | Found Gudas's Antique Weapon Shoppe.
 30842 | Orc:2    | Found Puluzxoe's General Store.
 30842 | Orc:2    | Found Olares's Jewellery Emporium.
 30851 | Orc:2    | Bought an uncursed ring of see invisible for 180 gold
                  | pieces
 31279 | Snake:1  | Entered Level 1 of the Snake Pit
 33473 | Snake:2  | Got a crystal hand axe
 33475 | Snake:2  | Identified the +3 hand axe of Kiexuoli {chop, rF+} (You
                  | found it on level 2 of the Snake Pit)
 33706 | Snake:2  | Got a smoking marble ring
 33769 | Snake:2  | Got a wavering silver ring
 33771 | Snake:2  | Identified the ring of Knowledge {rElec Str+4 Int-5 Dex-3
                  | SInv} (You found it on level 2 of the Snake Pit)
 33774 | Snake:2  | Identified the ring "Regeciess" {rPois rC+ Str+3 Int+4}
                  | (You acquired it on level 2 of the Snake Pit)
 35025 | Snake:3  | Got a blackened scale mail
 35036 | Snake:3  | Identified the +1 scale mail of Qazlal's Supremacy {Dex+3}
                  | (You found it on level 3 of the Snake Pit)
 35106 | Snake:3  | Noticed Vashnia
 35116 | Snake:3  | HP: 2/139 [Vashnia/bolt (37)]
 35723 | Snake:3  | Killed Vashnia
 36176 | Snake:3  | Reached XP level 17. HP: 133/146 MP: 27/27
 37072 | Snake:4  | Entered Level 4 of the Snake Pit
 37811 | Snake:4  | Reached skill level 14 in Invocations
 39676 | Snake:4  | Gained mutation: You are clumsy. (Dex -2) [potion of
                  | mutation]
 39676 | Snake:4  | Gained mutation: Your mind is acute. (Int +2) [potion of
                  | mutation]
 40772 | Snake:4  | Got a serpentine rune of Zot
 41323 | Vaults:1 | Entered Level 1 of the Vaults
 41373 | Vaults:1 | Found a shimmering altar of Xom.
 41697 | Vaults:1 | Cast into level 2 of the Abyss (a wizard)
 41706 | Vaults:1 | Escaped the Abyss
 41988 | Vaults:1 | Reached XP level 18. HP: 138/156 MP: 28/28
 42827 | Vaults:1 | Reached skill level 10 in Dodging
 44103 | Vaults:1 | Got a heavily runed hat
 44114 | Vaults:1 | Identified the +4 hat "Xikaxt" {+Blink rElec rF- Int+3}
                  | (You found it on level 1 of the Vaults)
 44718 | Vaults:2 | Reached skill level 15 in Invocations
 44725 | Vaults:2 | Paralysed by an ogre mage for 2 turns
 45284 | Vaults:2 | Found a staircase to the Crypt.
 45284 | Vaults:2 | Found an ancient bone altar of Kikubaaqudgha.
 45285 | Vaults:2 | Found a basalt altar of Yredelemnul.
 46920 | Vaults:2 | Paralysed by a great orb of eyes for 2 turns
 47608 | Vaults:2 | Reached XP level 19. HP: 165/165 MP: 30/30
 50394 | Vaults:3 | Found a flickering gateway to a bazaar.
 50415 | Bazaar   | Entered a bazaar
 50616 | Bazaar   | Found Xyerah's Antique Weapon Shoppe.
 50620 | Bazaar   | Bought a jewelled hand axe for 264 gold pieces
 50631 | Bazaar   | Found Buiny's Armour Emporium.
 50631 | Bazaar   | Found Piesid's Gadget Shoppe.
 50704 | Bazaar   | Bought a +2 helmet for 148 gold pieces
 50706 | Bazaar   | Identified the +9 hand axe "Jaolu" {chop, *Noise rN+
                  | Stlth+} (You bought it in a shop in a bazaar)
 50889 | Vaults:3 | Reached skill level 10 in Shields
 53447 | Vaults:4 | Reached skill level 16 in Invocations
 53447 | Vaults:4 | Reached XP level 20. HP: 149/174 MP: 30/32
 55306 | Vaults:5 | Entered Level 5 of the Vaults
 55306 | Vaults:5 | Noticed Xtahua
 55307 | Vaults:5 | Corrupted Vaults:5
 55809 | Elf:1    | Entered Level 1 of the Elven Halls
 57283 | Elf:2    | Found a huge runed gate.
 57283 | Elf:2    | Found a huge runed gate.
 57283 | Elf:2    | Found a huge runed gate.
 57283 | Elf:2    | Found a huge runed gate.
 57283 | Elf:2    | Found a huge runed gate.
 57577 | Elf:2    | Noticed Asterion
 57772 | Elf:1    | Killed Asterion
 58308 | Elf:2    | Reached skill level 15 in Fighting
 58319 | Elf:2    | Reached XP level 21. HP: 179/184 MP: 33/33
 59054 | Elf:3    | Entered Level 3 of the Elven Halls
 59113 | Elf:3    | Found Yschub's Antique Weapon Boutique.
 60779 | Elf:2    | Reached skill level 17 in Invocations
 61276 | Elf:3    | Found the +7 Kryia's mail coat {PotionHeal*2 rC+}
 61488 | Elf:3    | Got a pitted jade amulet
 61503 | Elf:3    | Got a pair of crude gloves
 61514 | Elf:3    | Identified the +1 pair of gloves of Xom's Outrage {+Blink
                  | +Inv rElec} (You found it on level 3 of the Elven Halls)
 61538 | Elf:3    | Got a polished cloak
 61549 | Elf:3    | Identified the +0 cloak "Deammeum" {rF- Str+7 Dex+2} (You
                  | found it on level 3 of the Elven Halls)
 61570 | Elf:3    | Found the +27 Lear's hauberk
 61601 | Elf:3    | Identified Further Progress in Wizardry
 61611 | Elf:3    | Got a glittering granite ring
 61634 | Elf:3    | Got a scorched chain mail
 61646 | Elf:3    | Identified the +1 chain mail of Zusiok {rN+ Dex+3} (You
                  | found it on level 3 of the Elven Halls)
 62720 | Shoals:1 | Entered Level 1 of the Shoals
 62797 | Shoals:1 | Found the +7 great mace "Undeadhunter" {disrupt, rN+}
 62874 | Shoals:1 | Identified the ring of Ynerr {rPois rC++ rN+ MR+ Str-3}
                  | (You found it on level 3 of the Elven Halls)
 64262 | Shoals:2 | Identified the amulet of the Robin {Spirit Dex+4} (You
                  | found it on level 3 of the Elven Halls)
 64762 | Shoals:2 | You fall through a shaft!
 64853 | Shoals:3 | Cast into level 3 of the Abyss (merfolk)
 65059 | Shoals:3 | Escaped the Abyss
 65110 | Shoals:3 | Got a translucent copper ring
 65167 | Shoals:3 | Noticed Polyphemus
 65376 | Shoals:2 | Identified the ring "Totust" {rElec Str-4 Int+2 Dex+2} (You
                  | found it on level 3 of the Shoals)
 65644 | Shoals:3 | Killed Polyphemus
 65672 | Shoals:3 | Reached XP level 22. HP: 130/193 MP: 34/34
 65909 | Shoals:3 | Got a heavily runed centaur barding
 65920 | Shoals:3 | Identified the -6 centaur barding of Melancholy {rF+ rC-
                  | Int+4} (You acquired it on level 3 of the Shoals)
 66557 | Shoals:4 | Entered Level 4 of the Shoals
 66558 | Shoals:4 | Noticed Ilsuiw
 66607 | Shoals:4 | Killed Ilsuiw
 66980 | Shoals:4 | Found Buaj's Magic Scroll Boutique.
 66988 | Shoals:4 | Bought a scroll of enchant weapon for 142 gold pieces
 67741 | Shoals:4 | Got a barnacled rune of Zot
 68333 | Slime:1  | Entered Level 1 of the Pits of Slime
 68882 | Elf:3    | Lost mutation: You are clumsy. (Dex -2) [potion of
                  | mutation]
 68882 | Elf:3    | Lost mutation: Your mind is acute. (Int +2) [potion of
                  | mutation]
 68882 | Elf:3    | Gained mutation: Your flesh is heat resistant. (rF+)
                  | [potion of mutation]
 68882 | Elf:3    | Gained mutation: You are agile. (Dex +2) [potion of
                  | mutation]
 68882 | Elf:3    | Gained mutation: You evolve. [potion of mutation]
 69149 | Crypt:1  | Entered Level 1 of the Crypt
 69237 | Crypt:1  | Gained mutation: You are occasionally teleported next to
                  | monsters. [evolution]
 69761 | Crypt:1  | Noticed Mara
 70556 | Crypt:1  | Noticed Gargoyl's illusion
 70589 | Vaults:2 | Noticed Gargoyl's illusion
 70590 | Vaults:2 | Killed Mara
 71297 | Crypt:2  | Paralysed by a vampire knight for 3 turns
 71308 | Crypt:2  | Paralysed by a vampire knight for 7 turns
 72969 | Crypt:2  | Reached skill level 18 in Invocations
 73200 | Crypt:2  | Got a scintillating marble ring
 73492 | Crypt:3  | Entered Level 3 of the Crypt
 73769 | Crypt:3  | Reached XP level 23. HP: 127/202 MP: 36/36
 73779 | Crypt:3  | Identified the ring of Eternal Harmony {rC+ AC+2 Str-4
                  | Stlth+} (You took it off a vampire knight on level 2 of the
                  | Crypt)
 74049 | Crypt:3  | Noticed Boris
 74555 | Crypt:3  | Escaped the Abyss
 75036 | Crypt:3  | Found a basalt altar of Yredelemnul.
 75757 | Crypt:3  | Killed Boris
 76037 | Crypt:3  | Found a staircase to the Tomb.
 76251 | Crypt:3  | Got a pair of twisted gloves
 76262 | Crypt:3  | Identified the cursed +0 pair of gloves of Insurance {rF-
                  | rN++ Regen+ Str+9} (You found it on level 3 of the Crypt)
 76623 | Crypt:3  | Identified Kikubaaqudgha's Catalogue of Sinister Rites
 77244 | Depths:1 | Entered Level 1 of the Depths
 77247 | Depths:1 | Reached skill level 15 in Armour
 77248 | Depths:1 | Found a gateway to Hell.
 77998 | Depths:1 | Found a one-way gate to the infinite horrors of the Abyss.
 78447 | Depths:1 | Voluntarily entered the Abyss.
 79151 | Depths:1 | Escaped the Abyss
 79410 | Depths:1 | Voluntarily entered the Abyss.
 79759 | Abyss:4  | Paralysed by accursed screaming for 1 turns
 79837 | Abyss:4  | Reached XP level 24. HP: 112/169 MP: 36/36
 79988 | Depths:1 | Escaped the Abyss
 80346 | Depths:1 | Voluntarily entered the Abyss.
 80845 | Abyss:2  | Reached skill level 19 in Invocations
 80940 | Abyss:2  | Found a hazy altar of Hepliaklqana.
 81421 | Abyss:4  | Found a burning altar of Makhleb.
 81433 | Abyss:4  | Got a steaming hand axe
 81434 | Abyss:4  | Identified the cursed +0 hand axe of Fortitude {chop, rN+
                  | MR++ Dex-5 SInv Stlth+} (You found it on level 4 of the
                  | Abyss)
 81451 | Abyss:5  | Entered Level 5 of the Abyss
 81471 | Abyss:5  | Gained mutation: You tend to lose your temper in combat.
                  | [mutagenic glow]
 81578 | Depths:1 | Escaped the Abyss
 81752 | Depths:1 | Voluntarily entered the Abyss.
 82720 | Abyss:2  | Reached skill level 15 in Shields
 82742 | Depths:1 | Escaped the Abyss
 82986 | Depths:1 | Voluntarily entered the Abyss.
 83164 | Depths:1 | Escaped the Abyss
 83168 | Depths:1 | Voluntarily entered the Abyss.
 83186 | Abyss:1  | Found a corrupted altar of Lugonu.
 83208 | Abyss:1  | Found a corrupted altar of Lugonu.
 83859 | Depths:1 | Escaped the Abyss
 83989 | Depths:1 | Voluntarily entered the Abyss.
 83990 | Abyss:1  | Found a corrupted altar of Lugonu.
 84299 | Depths:1 | Escaped the Abyss
 84554 | Depths:1 | Voluntarily entered the Abyss.
 84968 | Abyss:5  | Entered Level 5 of the Abyss
 84974 | Abyss:5  | Gained mutation: You are partially covered in icy blue
                  | scales. (AC +2) [evolution]
 85111 | Abyss:5  | Gained mutation: Scrolls take you a little longer to read.
                  | [a neqoxec]
 85123 | Abyss:5  | Gained mutation: You do not regenerate when monsters are
                  | visible. [a neqoxec]
 85355 | Abyss:5  | Gained mutation: You are sometimes teleported next to
                  | monsters. [a neqoxec]
 85357 | Abyss:5  | Gained mutation: Your magical capacity is low. (-10% MP) [a
                  | neqoxec]
 85358 | Abyss:5  | Gained mutation: Scrolls take you longer to read. [a
                  | neqoxec]
 85361 | Abyss:5  | Reached XP level 25. HP: 83/198 MP: 33/33
 85362 | Depths:1 | Escaped the Abyss
 85638 | Depths:1 | Voluntarily entered the Abyss.
 86207 | Depths:1 | Escaped the Abyss
 86362 | Depths:1 | Voluntarily entered the Abyss.
 86881 | Abyss:1  | Found an opulent altar of Gozag.
 86893 | Abyss:1  | Gained mutation: You are frail. (-10% HP) [a neqoxec]
 87438 | Depths:1 | Escaped the Abyss
 87733 | Depths:1 | Voluntarily entered the Abyss.
 87735 | Abyss:1  | Found a corrupted altar of Lugonu.
 88194 | Depths:1 | Escaped the Abyss
 88329 | Depths:1 | Voluntarily entered the Abyss.
 88406 | Abyss:1  | Paralysed by accursed screaming for 1 turns
 88762 | Abyss:1  | Paralysed by accursed screaming for 1 turns
 89105 | Abyss:2  | Paralysed by you for 4 turns
 89295 | Abyss:3  | Found a hazy altar of Hepliaklqana.
 89400 | Abyss:3  | Lost mutation: Scrolls take you much longer to read.
                  | [potion of mutation]
 89400 | Abyss:3  | Lost mutation: You have an uncontrollable temper. [potion
                  | of mutation]
 89400 | Abyss:3  | Lost mutation: Scrolls take you longer to read. [potion of
                  | mutation]
 89400 | Abyss:3  | Gained mutation: You are partially covered in slimy green
                  | scales. (AC +2) [potion of mutation]
 89421 | Abyss:3  | Found a hazy altar of Hepliaklqana.
 89456 | Depths:1 | Escaped the Abyss
 89993 | Depths:2 | Reached skill level 20 in Invocations
 90216 | Depths:2 | Reached skill level 15 in Dodging
 92024 | Depths:2 | Found a one-way gate leading to the halls of Pandemonium.
 92458 | Depths:2 | Found a gateway to a ziggurat.
 92665 | Depths:3 | Reached XP level 26. HP: 208/208 MP: 33/33
 93190 | Depths:3 | Paralysed by a sphinx for 3 turns
 93191 | Depths:3 | Found the +8 Wrath of Trog {antimagic, *Rage}
 93354 | Depths:3 | Paralysed by a floating eye for 3 turns
 93357 | Depths:3 | Slain by a caustic shrike

Skill      XL: |  1  2  3  4  5  6  7  8  9 10 11 12 13 14 15 16 17 18 19 20 21 22 23 24 25 26 |
---------------+-------------------------------------------------------------------------------+-----
Axes           | 2 3 4 6 7 9 10 11 12 13 14 15 16 17 18 19 | 19.4
Fighting       | 4 5 6 8 9 10 11 12 13 14 15 16 17 18 | 18.0
Armour         | 2 3 4 5 6 7 8 9 10 11 12 13 14 15 16 | 16.3
Dodging        | 1 2 3 4 6 8 9 10 12 13 14 15 | 15.2
Invocations    | 3 4 5 6 7 8 10 11 12 13 14 15 16 17 18 19 20 | 20.4
Shields        | 1 2 3 4 5 7 8 9 10 11 12 13 14 15 16 | 16.4
Throwing       | |  0.5
Evocations     | |  0.8

Action                   |  1- 3 |  4- 6 |  7- 9 | 10-12 | 13-15 | 16-18 | 19-21 | 22-24 | 25-27 || total
-------------------------+-------+-------+-------+-------+-------+-------+-------+-------+-------++-------
Melee: War axe           |    84 |   111 |   310 |   530 |  1598 |  1839 |  1667 |     5 |       ||  6144
       Kick              |     7 |    14 |    60 |   145 |   551 |   715 |   757 |  1454 |   595 ||  4298
       Hand axe          |       |       |       |       |       |       |   341 |  2555 |   975 ||  3871
Throw: Tomahawk          |       |       |    10 |     2 |       |       |       |       |       ||    12
       Javelin           |       |       |       |       |     2 |     4 |       |       |     7 ||    13
Invok: Depart the Abyss  |     1 |       |       |       |       |     1 |     1 |     8 |     4 ||    15
       Banish            |       |       |     1 |     5 |       |       |     5 |     1 |     2 ||    14
       Bend Space        |       |       |       |       |       |     4 |       |     2 |     2 ||     8
       Corrupt           |       |       |       |       |       |       |     1 |       |       ||     1
       Enter the Abyss   |       |       |       |       |       |       |       |     1 |       ||     1
Evoke: Wand              |       |       |     3 |     3 |     1 |       |       |       |     1 ||     8
  Use: Scroll            |     7 |     3 |     2 |    14 |    26 |     7 |     8 |    16 |    10 ||    93
       Potion            |     1 |       |     1 |     4 |     2 |     5 |     5 |     6 |     6 ||    30
 Stab: Distracted        |       |       |       |       |       |       |     1 |     2 |     2 ||     5
       Petrifying        |       |       |       |       |       |       |     1 |       |       ||     1
  Eat: Chunk             |       |     3 |    11 |    15 |    25 |     3 |     8 |     7 |     2 ||    74
       Ration            |       |     1 |     2 |       |     5 |    14 |    13 |    15 |     7 ||    57
Armor: Leather armour    |    42 |    40 |    12 |       |       |       |       |       |       ||    94
       Chain mail        |       |       |    86 |   286 |   663 |   562 |   541 |   678 |   278 ||  3094
       Skin              |       |       |     2 |       |       |       |       |       |       ||     2
       Crystal plate arm |       |       |       |       |       |       |       |     1 |       ||     1
Dodge: Dodged            |    54 |    59 |    41 |    52 |   156 |   252 |   361 |   599 |   248 ||  1822
Block: Shield            |       |       |    36 |   158 |   104 |       |       |       |       ||   298
       Large shield      |       |       |       |       |   764 |  1481 |  1697 |  2371 |   884 ||  7197
       Reflection        |       |       |       |       |     7 |   192 |   240 |    70 |    37 ||   546
